 Dungeon Crawl Stone Soup version 0.32-a0-612-g1c984fe9d1 (webtiles) character file.

Game seed: 2774518602341908860

6575 backslashecho the Cleaver (level 11, -1/89 HPs)
             Began as a Coglin Berserker on Mar 4, 2024.
             Was an Elder of Trog.
             Killed by vampiric draining
             ... invoked by a vampire
              (14 damage)
             ... on level 8 of the Dungeon.
             The game lasted 00:32:03 (9391 turns).

backslashecho the Cleaver (Coglin Berserker)        Turns: 9391, Time: 00:32:03

Health: -1/89      AC: 10    Str: 21    XL:     11   Next: 1%
Magic:  11/11      EV: 11    Int:  7    God:    Trog [****..]
Gold:   514        SH:  0    Dex: 14    Spells: 10/10 levels left

rFire   . . .        a - +4 broad axe (heavy) {Javier}
rCold   . . .        y - +0 broad axe {Septimus}
rNeg    . . .        e - +0 ring mail
rPois   .            g - +0 helmet
rElec   .            (no cloak)
rCorr   .            r - +0 pair of gloves
SInv    .            j - +1 pair of boots
Will    ++...        (amulet unavailable)
Stlth   +            (ring unavailable)
HPRegen 1.34/turn    (ring unavailable)
MPRegen 0.12/turn    (no gizmo)

%: no passive effects
@: lethally poisoned (-1 -> -3), strong-willed, regenerating, revved
A: off-hand wielding, slow wielding, warmup strikes, no jewellery
a: Invent Gizmo, Renounce Religion, Berserk, Trog's Hand, Brothers in Arms


You were on level 8 of the Dungeon.
You worshipped Trog.
Trog was greatly pleased with you.
You visited 1 branch of the dungeon, and saw 8 of its levels.
You also visited: Bailey.

You collected 514 gold pieces.

Inventory:

Hand Weapons
 a - a +4 heavy broad axe (weapon) {Javier}
 s - a +0 whip of venom {Somchit}
 y - a +0 broad axe (offhand) {Septimus}
Missiles
 h - 19 poisoned darts (quivered)
Armour
 e - a +0 ring mail (worn)
 g - a +0 helmet (worn)
 j - a +1 pair of boots (worn)
 r - a +0 pair of gloves (worn)
 A - a +0 cloak
Wands
 l - a wand of flame (25)
 o - a wand of charming (12)
 t - a wand of warping (2)
Scrolls
 b - 2 scrolls of blinking {unknown}
 c - a scroll of vulnerability {unknown}
 f - a scroll of amnesia {unknown}
 i - 3 scrolls of teleportation {unknown}
 m - a scroll of enchant weapon {unknown}
 n - 2 scrolls of fear {unknown}
 p - a scroll of immolation {unknown}
 q - a scroll of summoning {unknown}
 u - 2 scrolls of fog
 B - 3 scrolls of enchant armour
Potions
 d - a potion of curing
 k - 2 potions of haste
 v - 4 potions of mutation
 w - 2 potions of degeneration {unknown}
 z - a potion of experience
 C - a potion of magic
 D - a potion of attraction {unknown}
Miscellaneous
 x - a phial of floods


   Skills:
 - Level 9.0 Fighting
 - Level 2.0 Short Blades
 * Level 12.6 Axes
 + Level 2.1 Throwing
 - Level 5.0 Armour
 - Level 2.0 Dodging
 + Level 3.1 Evocations


You had 10 spell levels left.
You didn't know any spells.
Your spell library was empty.

Dungeon Overview and Level Annotations

Branches:
Dungeon (8/15)             Temple (0/1) D:4          Bailey (visited)
   Lair: D:8-11

Altars:
Makhleb
Sif Muna
Beogh


Innate Abilities, Weirdness & Mutations

You can wield a second weapon in your off-hand.
It takes a long time for you to wield or remove held weapons.
Your first few attacks do less damage.
You cannot equip rings or amulets.


Message History

A vampire comes into view.
It is wielding the +6 short sword "Suhim" {speed, rPois rC+} and carrying a wand of polymorph.
Health restored: 89 The vampire zaps a wand.
You turn into an insubstantial wisp.
Your +4 heavy broad axe {Javier} melds into your body.
Your +0 helmet melds into your body.
Your +0 pair of gloves melds into your body.
Your +1 pair of boots melds into your body.
Your +0 broad axe {Septimus} melds into your body.
Your +0 ring mail melds into your body.
The killer bee stings you but does no damage.
The killer bee closely misses you.
The killer bee attacks as it pursues you!
The killer bee misses you. x2
The killer bee barely misses you. The killer bee completely misses you.
Your transformation is almost over.
The killer bee attacks as it pursues you!
The killer bee barely misses you. x2
Okay, then.
The killer bee attacks as it pursues you!
The killer bee completely misses you. The killer bee misses you.
The killer bee attacks as it pursues you!
The killer bee misses you. The killer bee stings you.
You take 3 damage, and have 86/89 hp.
The killer bee attacks as it pursues you!
The killer bee stings you but does no damage.
The killer bee completely misses you. The killer bee misses you.
The killer bee misses you.
The killer bee attacks as it pursues you!
The killer bee barely misses you.
The killer bee stings you but does no damage.
Items here: ))) [[ ††.
The killer bee attacks as it pursues you!
The killer bee closely misses you. x2
You touch the killer bee!
The killer bee is heavily wounded.
The killer bee closely misses you.
You barely miss the killer bee.
The killer bee is heavily wounded.
You condense into your normal self.
Your +4 heavy broad axe {Javier} unmelds from your body.
Your +0 helmet unmelds from your body.
Your +0 pair of gloves unmelds from your body.
Your +1 pair of boots unmelds from your body.
Your +0 broad axe {Septimus} unmelds from your body.
Your +0 ring mail unmelds from your body.
The killer bee stings you!
You are poisoned.
The killer bee poisons you! The killer bee stings you.
You are more poisoned.
The killer bee poisons you!
You take 8 damage, and have 80/89 hp.
You closely miss the killer bee with your +4 heavy broad axe.
The killer bee is heavily wounded.
You closely miss the killer bee with your +0 broad axe.
You feel very sick. The killer bee stings you.
The killer bee stings you but does no damage.
You take 10 damage, and have 70/89 hp.
You closely miss the killer bee with your +0 broad axe.
The killer bee is heavily wounded.
You closely miss the killer bee with your +4 heavy broad axe.
You feel very sick. The killer bee stings you.
You are more poisoned.
The killer bee poisons you! The killer bee stings you.
The killer bee stings you!
You are more poisoned.
The killer bee poisons you!
You take 13 damage, and have 57/89 hp.
You miss the killer bee with your +0 broad axe.
The killer bee is heavily wounded.
You carve the killer bee like a ham with your +4 heavy broad axe!!!
You kill the killer bee!
Trog accepts your kill.
You feel extremely sick. The vampire barely misses you. The vampire bites you!
The vampire draws strength from your injuries!
You take 17 damage, and have 40/89 hp.
Your skin crawls.
You feel strong-willed.
You feel very sick.
The vampire hits you with the +6 short sword "Suhim"!
The vampire bites you but does no damage.
You take 10 damage, and have 30/89 hp.
You barely miss the vampire with your +4 heavy broad axe.
You slash the vampire with your +0 broad axe!
You feel very sick. The vampire barely misses you. x2
The vampire hits you with the +6 short sword "Suhim"!
* * * LOW HITPOINT WARNING * * *
The vampire barely misses you.
You take 16 damage, and have 14/89 hp.
You slash the vampire with your +4 heavy broad axe!
The vampire is severely damaged.
You closely miss the vampire with your +0 broad axe.
You feel very sick. The vampire draws life force from you!
You die...

.. ### .. . ###..##. ..
## ###)##.#.. ...####.
###....#.#.#
.......###......#.#.#
#..##.....##...V#.#
...##..V###..V...#...#
........@.###....#...##
######......###.##....###
#........###..##.V..
#.....###..#########
#...#### ##†..## #.###
#..#..# ... #.###.## ..##
#.# #..# #. .# ##.####.##
..


You could see a vampire.

Vanquished Creatures
  An orc warlord (Bailey)
  An orc knight (Bailey)
  Maurice (D:8)
  A manticore (D:8)
  Prince Ribbit (D:5)
  2 steam dragons
  Edmund (D:5)
  Duvessa (D:5)
  A sky beast (D:8)
  7 orc warriors (Bailey)
  2 ogres
  2 centaurs (D:6)
  2 bullfrogs (D:5)
  A kobold brigand (D:7)
  4 scorpions (D:7)
  15 wights
  Dowan (D:5)
  10 killer bees
  A bombardier beetle (D:7)
  3 howler monkeys
  A jelly (D:6)
  4 orc priests
  6 hounds
  Ijyb (D:5)
  6 iguanas
  4 orc wizards
  15 gnolls
  5 adders
  2 shadow imps
  A white imp (D:5)
  4 ufetubi
  4 dart slugs
  2 ribbon worms
  18 orcs
  9 ball pythons
  9 bats
  10 endoplasms
  5 giant cockroaches
  20 goblins
  13 hobgoblins
  14 jackals
  7 kobolds
  5 quokkas
  2 frilled lizards
  9 rats
234 creatures vanquished.

Vanquished Creatures (others)
  An orc knight (Bailey)
  An orc warrior (Bailey)
  A jelly (D:6)
  A gnoll (Bailey)
  An orc (Bailey)
  A goblin (Bailey)
6 creatures vanquished.

Grand Total: 240 creatures vanquished

Notes
Turn   | Place    | Note
-------+----------+-------------------------------------------
     0 | D:1      | backslashecho the Coglin Berserker began the quest for the
                  | Orb.
     0 | D:1      | Reached XP level 1. HP: 18/18 MP: 1/1
    88 | D:1      | Reached XP level 2. HP: 23/24 MP: 2/2
   175 | D:1      | Reached skill level 1 in Short Blades
   204 | D:1      | Reached XP level 3. HP: 26/29 MP: 3/3
   274 | D:1      | Reached ** piety under Trog
   480 | D:2      | Reached XP level 4. HP: 28/35 MP: 4/4
   731 | D:2      | Found a faded altar of an unknown god.
   821 | D:2      | Reached skill level 4 in Axes
  1321 | D:3      | Reached XP level 5. HP: 37/41 MP: 5/5
  2448 | D:4      | Reached *** piety under Trog
  2535 | D:4      | Found a staircase to the Ecumenical Temple.
  2574 | D:4      | Reached skill level 5 in Axes
  2574 | D:4      | Reached XP level 6. HP: 47/48 MP: 6/6
  2861 | D:4      | Reached XP level 7. HP: 55/55 MP: 7/7
  3082 | D:4      | Reached skill level 6 in Axes
  3291 | D:5      | Entered Level 5 of the Dungeon
  3346 | D:5      | Noticed Duvessa
  3346 | D:5      | Noticed Dowan
  3355 | D:5      | Killed Duvessa
  3362 | D:5      | Killed Dowan
  3363 | D:5      | Reached skill level 5 in Fighting
  3563 | D:5      | Noticed Prince Ribbit
  3581 | D:5      | Killed Prince Ribbit
  3582 | D:5      | Reached skill level 7 in Axes
  3582 | D:5      | Reached XP level 8. HP: 47/63 MP: 8/8
  4032 | D:5      | Noticed Edmund
  4044 | D:5      | Killed Edmund
  4146 | D:5      | Noticed Ijyb
  4159 | D:5      | Killed Ijyb
  4160 | D:5      | HP: 3/96 [iguana (4)]
  4468 | D:5      | Reached skill level 8 in Axes
  5226 | D:5      | Reached XP level 9. HP: 33/71 MP: 9/9
  5367 | D:6      | Reached skill level 5 in Armour
  5384 | D:6      | HP: 3/71 [orc wizard/puff of flame (13)]
  5389 | D:6      | Reached skill level 9 in Axes
  6346 | D:7      | Found a burning altar of Makhleb.
  6348 | D:7      | Noticed a cacodemon
  6444 | D:7      | Found a shimmering blue altar of Sif Muna.
  6477 | D:7      | Reached skill level 10 in Axes
  6481 | D:7      | Found a flagged portal.
  6496 | Bailey   | Entered a bailey
  7291 | Bailey   | Reached **** piety under Trog
  7461 | Bailey   | Reached XP level 10. HP: 61/80 MP: 10/10
  7662 | Bailey   | Noticed an orc knight
  7682 | Bailey   | Killed an orc knight
  7683 | Bailey   | Reached skill level 11 in Axes
  7928 | Bailey   | Noticed an orc warlord
  7930 | Bailey   | Noticed an orc knight
  7943 | Bailey   | Killed an orc warlord
  8590 | D:7      | Reached skill level 12 in Axes
  8676 | D:7      | Found a roughly hewn altar of Beogh.
  8810 | D:7      | Reached skill level 9 in Fighting
  8830 | D:7      | Reached skill level 1 in Evocations
  9245 | D:8      | Noticed Maurice
  9249 | D:8      | Reached skill level 1 in Throwing
  9262 | D:8      | Maurice stole a phial of floods
  9264 | D:8      | Maurice stole 19 poisoned darts
  9266 | D:8      | Killed Maurice
  9272 | D:8      | Noticed a manticore
  9280 | D:8      | Killed a manticore
  9281 | D:8      | Reached XP level 11. HP: 68/89 MP: 11/11
  9366 | D:8      | Identified the +6 short sword "Suhim" {speed, rPois rC+}
  9391 | D:8      | Killed from afar by a vampire

Illustrated notes

Levels and vault maps discovered:
D:1:      doesnt_arrival_eight_statues, layout_rooms
D:2:      minmay_angry_zag, layout_loops_ring,
          shapermc_ecumenical_altar_mp_vishouse, st_stairs_4,
          minmay_tetromino_t2
D:3:      layout_basic
D:4:      layout_cave_pools, minmay_temple_entry_overgrown
D:5:      layout_loops_cross, serial_library_hellmonk_statue_hall, uniq_duvessa,
          uniq_ijyb, uniq_edmund, uniq_prince_ribbit1
D:6:      layout_rooms, minmay_stone_trees_small
D:7:      layout_loops_corners, makhleb_altar_promises_db,
          nicolae_overflow_crystal_walls, enter_bailey_5,
          david_defended_altar_orc
D:8:      minmay_the_grid_four_pointed_star
          [minmay_the_grid_triangle_9x9_sparse_checkered,
          minmay_the_grid_triangle_9x9_alien,
          minmay_the_grid_triangle_9x9_dagger,
          minmay_the_grid_triangle_9x9_zippers_vertical,
          minmay_the_grid_prize_inner_circle], layout_rooms,
          lemuel_crystal_altar, uniq_joseph, uniq_maurice, uniq_psyche

Skill      XL: |  1  2  3  4  5  6  7  8  9 10 |
---------------+-------------------------------+-----
Armour         | 2 3 4 5 |  5.0
Short Blades   | 1 2 |  2.0
Dodging        | 2 |  2.0
Axes           | 4 5 7 8 10 12 | 12.6
Fighting       | 4 5 6 7 9 |  9.0
Evocations     | 3 |  3.1
Throwing       | 2 |  2.1

Action                     |  1- 3 |  4- 6 |  7- 9 | 10-12 || total
---------------------------+-------+-------+-------+-------++-------
  Melee: Hand axe          |    53 |   148 |   226 |       ||   427
         Dagger            |    46 |   144 |       |       ||   190
         Whip              |       |       |   264 |    58 ||   322
         War axe           |       |       |    52 |    11 ||    63
         Broad axe         |       |       |       |    94 ||    94
         Unarmed           |       |       |       |     2 ||     2
  Throw: Dart              |       |     5 |     9 |     5 ||    19
 Invoke: Berserk           |     1 |     5 |    10 |     5 ||    21
         Trog's Hand       |       |       |     2 |     1 ||     3
  Evoke: Wand              |       |       |     2 |     7 ||     9
    Use: Scroll            |       |     2 |     2 |     6 ||    10
         Potion            |       |       |     5 |       ||     5
   Stab: Distracted        |       |       |     1 |     1 ||     2
 Armour: Animal skin       |    12 |       |       |       ||    12
         Ring mail         |    22 |    97 |   234 |    63 ||   416
         Skin              |       |       |       |     4 ||     4
  Dodge: Dodged            |    26 |    84 |   178 |    50 ||   338

Table legend: (Time is in decaauts)
 A = Elapsed time spent in this place.
 B = Non-inter-level travel time spent in this place.
 C = Inter-level travel time spent in this place.
 D = Time resting spent in this place.
 E = Time spent auto-exploring this place.
 F = Levels seen in this place.
 G = Mean time per level.
                   A        B        C        D        E       F      G
               +--------+--------+--------+--------+--------+-----+--------+
         Total |   9537 |   8789 |    748 |   2457 |   4107 |   9 | 1059.7 |
       Dungeon |   7858 |   7110 |    748 |   1444 |   4068 |   8 |  982.2 |
        Bailey |   1678 |   1678 |      0 |   1013 |     39 |   1 | 1678.0 |
               +--------+--------+--------+--------+--------+-----+--------+

Top non-repeatable levels by time:
     D:5: 2341 daAuts
  Bailey: 1678 daAuts
     D:3: 1339 daAuts
     D:7: 1222 daAuts
     D:4: 883 daAuts
     D:2: 671 daAuts
     D:6: 586 daAuts
     D:1: 562 daAuts
     D:8: 250 daAuts
